 Dungeon Crawl Stone Soup version 0.31.0-32-g396128a36d (webtiles) character file.

Game seed: 12449747061543410689

456 PaiMei the Grave Robber (level 6, -12/47 HPs)
             Began as a Demonspawn Necromancer on Mar 29, 2024.
             Killed by divine providence
             ... invoked by an orc priest
              (14 damage)
             ... on level 5 of the Dungeon.
             The game lasted 00:04:57 (3583 turns).

PaiMei the Grave Robber (Demonspawn Necromancer)    Turns: 3583, Time: 00:04:57

Health: -12/47     AC: 11    Str:  8    XL:     6   Next: 77%
Magic:  11/11      EV: 10    Int: 18    God:
Gold:   152        SH:  0    Dex: 13    Spells: 8/12 levels left

rFire   . . .        k - +1 dagger (freeze)
rCold   + . .        (no shield)
rNeg    . . .        x - +1 ring mail {rC+}
rPois   .            C - +0 helmet
rElec   .            g - +0 cloak
rCorr   .            u - +0 pair of gloves
SInv    .            (no boots)
Will    .....        (no amulet)
Stlth   +            (no ring)
HPRegen 0.27/turn    (no ring)
MPRegen 0.24/turn

%: no passive effects
@: no status effects
A: claws 1, icy blue scales 1, foul stench 1, magic regeneration
a: no special abilities


You were on level 5 of the Dungeon.
You visited 1 branch of the dungeon, and saw 5 of its levels.

You collected 152 gold pieces.

Inventory:

Hand Weapons
 k - a +1 dagger of freezing (weapon)
Missiles
 y - 3 poisoned darts
Armour
 a - a +0 robe
 g - a +0 cloak (worn)
 o - a +4 scale mail
 r - an orb of energy
 u - a +0 pair of gloves (worn)
 x - a +1 ring mail of cold resistance (worn)
 C - a +0 helmet (worn)
Wands
 w - a wand of flame (11)
Scrolls
 c - a scroll of vulnerability {unknown}
 h - 3 scrolls of identify {unknown}
 i - a scroll of enchant weapon {unknown}
 q - 3 scrolls of fear {unknown}
 s - 5 scrolls of teleportation {unknown}
 v - a scroll of immolation {unknown}
 A - a scroll of fog {unknown}
 B - a scroll of poison {unknown}
Potions
 b - 3 potions of magic
 d - a potion of curing {unknown}
 e - a potion of mutation {unknown}
 j - 2 potions of resistance {unknown}
 l - a potion of invisibility {unknown}
 m - 2 potions of enlightenment {unknown}
 n - a potion of degeneration {unknown}
 p - a potion of cancellation {unknown}
 t - a potion of berserk rage {unknown}
 z - 2 potions of haste {unknown}


   Skills:
 + Level 3.1 Fighting
 + Level 3.6 Dodging
 - Level 2.0 Stealth
 + Level 3.7 Spellcasting
 + Level 5.8 Necromancy


You had 8 spell levels left.
You knew the following spells:

 Your Spells              Type           Power      Damage    Failure   Level
a - Necrotise             Necr           96%        1d8       4%          1
b - Vampiric Draining     Necr           24%        2d7       13%         3

Your spell library contained the following spells:

 Spells                   Type           Power      Damage    Failure   Level
 Cigotuvi's Dreadful Rot  Necr/Alch/Air  20%        N/A       32%         2
 Animate Dead             Necr           24%        N/A       38%         4
 Apportation              Tloc           6%         N/A       43%         1
 Sting                    Conj/Alch      12%        1d3       43%         1
 Summon Small Mammal      Summ           12%        N/A       43%         1
 Blink                    Tloc           6%         N/A       56%         2
 Lesser Beckoning         Tloc           6%         N/A       56%         2
 Momentum Strike          Conj/Tloc      6%         3d8       56%         2
 Scorch                   Fire           6%         2d5       56%         2
 Curse of Agony           Necr           24%        N/A       75%         5
 Flame Wave               Conj/Fire      3%         2d5       99%         4
 Ignite Poison            Fire/Alch      3%         N/A       99%         4
 Freezing Cloud           Conj/Ice/Air   1%         6-21      100%        5
 Summon Cactus Giant      Summ           1%         N/A       100%        6


Dungeon Overview and Level Annotations

Branches:
Dungeon (5/15)
 Temple: D:4-7

Altars:
Cheibriados
Dithmenos
Gozag
Makhleb

Annotations:
D:2 1 runed translucent door, Crazy Yiuf


Innate Abilities, Weirdness & Mutations

You have sharp fingernails.
You are partially covered in icy blue scales. (AC +2)
You may rarely emit foul miasma when damaged in melee.
You regenerate magic rapidly.


Message History

You can't see any susceptible monsters within range! (Use Z to cast anyway.)
The orc wizard gestures wildly while chanting.
The orc wizard flickers and vanishes!
Deactivating autopickup; reactivate with Ctrl-A.
The orc priest hits your orc skeleton with a +0 club!
Your orc skeleton is destroyed!
Casting: Necrotise (safe; 4% risk of failure)
Confirm with . or Enter, or press ? or * to list all spells.
You can't see any susceptible monsters within range! (Use Z to cast anyway.)
Casting: Necrotise (safe; 4% risk of failure)
Confirm with . or Enter, or press ? or * to list all spells.
You can't see any susceptible monsters within range! (Use Z to cast anyway.)
Casting: Necrotise (safe; 4% risk of failure)
Confirm with . or Enter, or press ? or * to list all spells.
You can't see any susceptible monsters within range! (Use Z to cast anyway.)
Casting: Necrotise (safe; 4% risk of failure)
Confirm with . or Enter, or press ? or * to list all spells.
You can't see any susceptible monsters within range! (Use Z to cast anyway.)
You are confused.
You're too confused to cast spells.
You're too confused to cast spells.
You're too confused to cast spells.
You're too confused to cast spells.
The orc priest invokes the aid of Beogh against you.
Beogh smites you!
The orc priest invokes the aid of Beogh against you.
Beogh smites you! The orc hits you with a +0 flail.
You feel less confused. The orc attacks as it pursues you!
The orc hits you but does no damage. The orc hits you with a +0 flail.
* * * LOW HITPOINT WARNING * * *
The orc priest mumbles some strange prayers to Beogh against you.
Beogh smites you!
* * * LOW HITPOINT WARNING * * *
The orc priest mumbles some strange prayers to Beogh against you.
You barely resist.
The orc priest calls down the wrath of Beogh upon you.
Beogh smites you!
You die...

..##..#.#.... ...#
#...o##.....# ...#
#..o.#......##..#
#...##......#..##
#.).Z#..........##
#.)..#......##...####
##....##.....<.......#
##..o####..#.#...#....#
##......##..####@.......
............###{o#......
.##...........o..##.....
###...........o.## .....
.............o..# .#.#
................# # .
.....(.............#
............)......#
#############........


You could see 2 orc priests and 2 orcs.

Vanquished Creatures
  Eustachio (D:4)
  An ogre (D:4)
  2 scorpions (D:4)
  Ijyb (D:4)
  3 adders
  7 orcs
  2 endoplasms
  4 giant cockroaches
  3 hobgoblins
  5 kobolds
  5 quokkas
  3 ball pythons
  2 bats
  3 frilled lizards
  7 goblins
  5 rats
54 creatures vanquished.

Vanquished Creatures (collateral kills)
  An adder (D:4)
1 creature vanquished.

Grand Total: 55 creatures vanquished

Notes
Turn   | Place    | Note
-------+----------+-------------------------------------------
     0 | D:1      | PaiMei the Demonspawn Necromancer began the quest for the
                  | Orb.
     0 | D:1      | Reached XP level 1. HP: 13/13 MP: 3/3
   337 | D:1      | Gained mutation: You are partially covered in icy blue
                  | scales. (AC +2) [demonic ancestry]
   337 | D:1      | Reached XP level 2. HP: 19/19 MP: 3/5
  1346 | D:2      | Gained mutation: You have sharp fingernails. [demonic
                  | ancestry]
  1346 | D:2      | Reached XP level 3. HP: 25/25 MP: 1/6
  1350 | D:2      | Learned a level 3 spell: Vampiric Draining
  1670 | D:2      | Found a runed translucent door.
  1671 | D:2      | Noticed Crazy Yiuf
  1813 | D:3      | Reached skill level 1 in Fighting
  2114 | D:3      | Found a faded altar of an unknown god.
  2277 | D:3      | Gained mutation: You regenerate magic rapidly. [demonic
                  | ancestry]
  2277 | D:3      | Reached XP level 4. HP: 32/32 MP: 1/7
  2576 | D:3      | Found a burning altar of Makhleb.
  2676 | D:4      | Noticed an ogre
  2754 | D:4      | Noticed Ijyb
  2762 | D:4      | Killed Ijyb
  2763 | D:4      | Reached skill level 5 in Necromancy
  2802 | D:4      | Noticed Eustachio
  2816 | D:4      | Killed Eustachio
  2817 | D:4      | Reached XP level 5. HP: 39/39 MP: 0/9
  2930 | D:4      | Killed an ogre
  2931 | D:4      | Gained mutation: You may rarely emit foul miasma when
                  | damaged in melee. [demonic ancestry]
  2931 | D:4      | Reached XP level 6. HP: 46/46 MP: 4/11
  3397 | D:4      | Found a shadowy altar of Dithmenos.
  3397 | D:4      | Found an opulent altar of Gozag.
  3397 | D:4      | Found a snail-covered altar of Cheibriados.
  3533 | D:5      | Entered Level 5 of the Dungeon
  3581 | D:5      | HP: 2/47 [orc priest/divine providence (11)]
  3583 | D:5      | Killed from afar by an orc priest

Illustrated notes

Levels and vault maps discovered:
D:1:      heliophobic_arrival_henge, layout_loops_ring, minmay_pentomino_z2
D:2:      layout_loops_ring, uniq_crazy_yiuf_cottage
D:3:      layout_loops_ring, mainiacjoe_overflow_alcove_2,
          ebering_ecumenical_altar_abandoned, st_stairs_14
D:4:      layout_basic, gammafunk_temple_overflow_forgotten,
          minmay_misc_feat_doors, uniq_ijyb, uniq_eustachio
D:5:      layout_cave_pools, grunt_temple_overflow_growth_and_decay,
          columned_hall_lemuel, uniq_edmund

Skill      XL: |  1  2  3  4  5  6 |
---------------+-------------------+-----
Dodging        | 2 3 |  3.6
Stealth        | 2 |  2.0
Fighting       | 1 2 3 |  3.1
Necromancy     | 5 |  5.8
Spellcasting   | 3 |  3.7

Action                     |  1- 3 |  4- 6 || total
---------------------------+-------+-------++-------
  Melee: Dagger            |     1 |     9 ||    10
   Cast: Necrotise         |    69 |    38 ||   107
         Vampiric Draining |       |     6 ||     6
 Armour: Robe              |     8 |    13 ||    21
         Ring mail         |       |     3 ||     3
  Dodge: Dodged            |    10 |    12 ||    22
